Map: Chain of Ascension

Players

wasp

  • Race: Protoss Protoss
  • Spawn Location: 11:00

larsgj

  • Race: Zerg Zerg

VOD

Have the link to the VOD?

Description

Time

  • Played on: Dec. 23, 2022, 5:08 p.m.
  • Length: 10:46
Show
View Real Time Build Order
Export as new Build Order

wasp Protoss 

Build Orders:  

Get SALT Encoding   

  12  0:45  Pylon  
  12  0:51  Pylon  
  12  1:13  Pylon  
  12  1:24  Pylon  
  12  1:34  Pylon  
  12  1:43  Gateway  
  12  1:48  Gateway  
  12  3:25  Supplicant x2  
  12  3:27  Supplicant x2  
  20  3:34  Probe (Chrono Boost)  
  21  3:48  Probe (Chrono Boost)  
  22  3:53  Supplicant x2  
  22  3:55  Supplicant x2  
  30  4:21  Supplicant x2  
  30  4:27  Supplicant x2  
  38  4:49  Supplicant x2  
  42  4:55  Supplicant x2  
  46  5:17  Supplicant x2  
  50  6:15  Supplicant x2  
  52  9:10  Forge  
  52  9:15  Pylon  
  52  9:20  Pylon  
  52  9:28  Pylon  
  52  9:33  Pylon  
  52  9:36  Forge  
Show
View Real Time Build Order
Export as new Build Order

larsgj Zerg 

Build Orders:  

Get SALT Encoding   

  12  0:03  Infested SCV  
  13  0:51  Infested Barracks  
  13  0:58  Overlord  
  13  1:04  Overlord  
  13  1:06  Overlord  
  13  1:26  Infested SCV  
  14  1:32  Infested SCV  
  15  1:55  Infested Marine  
  16  2:14  Infested Refinery  
  16  2:18  Infested Refinery  
  16  2:35  Infested Marine  
  16  2:39  Infested Engineering Bay  
  17  2:44  Infested Marine  
  17  2:46  Infested Marine x2  
  17  2:48  Infested Marine  
  17  2:49  Infested Marine  
  22  2:50  Infested Marine  
  22  2:51  Infested Marine  
  22  2:57  Infested Marine  
  25  3:00  Infested Marine  
  25  3:01  Infested Marine  
  27  3:27  Infestation Level 1  
  27  3:34  Infested Barracks Tech Lab  
  26  3:49  Overlord  
  26  3:50  Overlord x3  
  26  3:57  Infested SCV  
  16  4:52  Unknown  
  16  5:14  Infested SCV  
  16  5:15  Infested SCV x3  
  16  5:16  Infested SCV  
  16  5:19  Infested Marine  
  22  5:20  Infested Marine  
  22  5:21  Infested Marine x2  
  22  5:22  Infested Marine x5  
  22  5:23  Infested Marine  
  31  5:45  Retinal Augmentation  
  31  5:50  Stukov Infantry Weapons Level 1  
  31  6:16  Infested SCV x3  
  34  6:22  Infested Marine x2  
  34  6:23  Infested Marine x3  
  34  6:24  Infested Marine x3  
  34  6:25  Infested Marine x2  
  44  6:53  Overlord  
  44  6:57  Infested Marine  
  44  6:58  Infested Marine x4  
  44  6:59  Infested Marine x2  
  50  7:05  Infestation Level 2  
  41  7:52  Infested Factory  
  41  8:09  Infested Bunker  
  35  8:22  Infested Marine x2  
  35  8:23  Infested Marine x5  
  35  8:24  Infested Marine x3  
  37  9:20  Infested Barracks  
  37  9:39  Overlord x4  
  37  9:40  Overlord  
Tags
 
Add a new tag
Caveats
  • Supply blocks, unpowered buildings, or Contaminate may cause inaccurate times.
  • Supply counts are checked every 10 seconds.